 Dungeon Crawl Stone Soup version 0.17-a0-1996-gd2c0ec8 (webtiles) character file.

91 truemonolith the Insei (level 4, -3/38 HPs)
             Began as a Draconian Monk on Oct 7, 2015.
             Killed by divine providence
             ... invoked by an orc priest
              (10 damage)
             ... on level 3 of the Dungeon.
             The game lasted 00:05:54 (2864 turns).

truemonolith the Insei (Draconian Monk)             Turns: 2864, Time: 00:05:54

Health: -3/38      AC:  5    Str: 13    XL:     4   Next: 33%
Magic:  4/4        EV: 12    Int: 11    God:
Gold:   127        SH:  0    Dex: 14    Spells: 0 memorised, 3 levels left

rFire  . . .     SeeInvis .       - Unarmed
rCold  . . .     Clarity  .     (armour unavailable)
rNeg   . . .     SustAt   .     (no shield)
rPois  .         Gourm    .     (helmet restricted)
rElec  .         Spirit   .     (no cloak)
rCorr  .         Warding  .     (no gloves)
rMut   .         Stasis   .     (no boots)
MR     .....                    (no amulet)
Stlth  ++........               (no ring)
                                (no ring)

@: drained, not resistant to hostile enchantments, unstealthy
A: unfitting armour, cold-blooded, AC +5
a: no special abilities


You were on level 3 of the Dungeon.
You were not hungry.

You visited 1 branch of the dungeon, and saw 3 of its levels.

You collected 127 gold pieces.

Inventory:

Jewellery
 g - a +3 ring of protection {unknown}
Wands
 l - a wand of confusion (22)
Scrolls
 c - 4 scrolls of identify {unknown}
 d - a scroll of remove curse {unknown}
 f - 2 scrolls of enchant weapon {unknown}
 h - 2 scrolls of teleportation {unknown}
 i - a scroll of recharging {unknown}
 j - 2 scrolls of random uselessness {unknown}
 m - a scroll of noise {unknown}
 p - a scroll of blinking {unknown}
 q - a scroll of fog {unknown}
Potions
 b - a potion of might {unknown}
 e - a potion of curing {unknown}
 k - a potion of cure mutation {unknown}
 n - a potion of heal wounds {unknown}
 o - a potion of brilliance {unknown}
Comestibles
 a - 4 bread rations


   Skills:
 - Level 3.2(2.9) Fighting
 - Level 2.6(2.3) Dodging
 - Level 1.7(1.4) Stealth
 + Level 5.8(5.5) Unarmed Combat


You had 3 spell levels left.
You didn't know any spells.

Dungeon Overview and Level Annotations

Branches:
Dungeon (3/15)

Altars:
Ashenzari


Innate Abilities, Weirdness & Mutations

Your plain brown scales are hard (AC +5).
Your body does not fit into most forms of armour.
You are cold-blooded and may be slowed by cold attacks.


Message History

The orc priest looks braver for a moment.
The orc shouts!
The orc priest hits you with a morningstar!
You closely miss the orc priest. You tail-slap the orc priest.
The orc priest is lightly wounded.
The orc hits you but does no damage.
You closely miss the orc priest.
The orc priest is lightly wounded.
The orc priest mumbles some strange prayers to Beogh against you.
Something smites you!
* * * LOW HITPOINT WARNING * * *
The orc barely misses you.
You are too injured to fight recklessly!
You are too injured to fight recklessly!
You are too injured to fight recklessly!
You are too injured to fight recklessly!
You are too injured to fight recklessly!
The orc priest calls down the wrath of Beogh upon you.
Something smites you!
You die...

.... #<.... .. .....#.##(.
.. ............ .#
########.#.# .###.
.......().. ......
############....
......####.........##(รท).
.........................
.....ooo@................
.....o############.##.#.#
..... #.##.#.. ....
#.##.... ... #....... .#
######.. #.# .########.#
...........


You could see an orc priest, an orc wizard and 2 orcs.

Vanquished Creatures
  A gnoll (D:2)
  An adder (D:2)
  4 worms (D:2)
  3 giant geckos (D:1)
  An orc (D:3)
  A ball python (D:2)
  9 goblins
  9 hobgoblins
  3 jackals (D:2)
  5 kobolds
  A quokka (D:2)
  8 bats
  A giant cockroach (D:1)
  2 giant newts (D:2)
  5 rats
54 creatures vanquished.

Notes
Turn   | Place    | Note
--------------------------------------------------------------
     0 | D:1      | truemonolith the Draconian Monk began the quest for the Orb.
     0 | D:1      | Reached XP level 1. HP: 19/19 MP: 1/1
   226 | D:1      | Reached XP level 2. HP: 21/26 MP: 2/2
   885 | D:1      | Reached skill level 5 in Unarmed Combat
   963 | D:1      | Reached XP level 3. HP: 31/31 MP: 3/3
  1537 | D:2      | Found a shattered altar of Ashenzari.
  1939 | D:2      | Reached XP level 4. HP: 28/38 MP: 4/4
  2864 | D:3      | Killed from afar by an orc priest

Vault maps used:
D:1:      dpeg_arrival_subterranean_lakeside_camping
D:2:      evilmike_ruin_ashenzari, amethyst_killhole, eino_tiny_chamber,
          minmay_misc_feat_x
D:3:      uniq_crazy_yiuf_cottage

Action                   |  1- 3 |  4- 6 || total
-------------------------+-------+-------++-------
Melee: Unarmed           |   151 |    41 ||   192
 Stab: Sleeping          |     7 |       ||     7
  Eat: Meat ration       |     1 |       ||     1
       Pizza             |     1 |       ||     1
